Map: New Gettysburg LE

Players

Gracz

  • Race: Protoss Protoss
  • League: Silver

Jobimaster - Winner!

  • Race: Protoss Protoss
  • League: Silver

VOD

Have the link to the VOD?

Description

Time

  • Played on: Oct. 13, 2016, 12:59 p.m.
  • Length: 13:31
Show
View Real Time Build Order
Export as new Build Order

Gracz Protoss 

Build Orders: 1 Gate Expand, Blink Stalkers 

Get SALT Encoding   

  12  0:01  Probe (Chrono Boost)  
  13  0:20  Pylon  
  14  0:21  Probe (Chrono Boost)  
  14  0:37  Assimilator, Probe (Chrono Boost)  
  15  0:46  Gateway  
  15  1:03  Probe (Chrono Boost)  
  16  1:13  Probe (Chrono Boost)  
  17  1:24  Probe (Chrono Boost)  
  18  1:29  Nexus  
  18  1:34  Probe (Chrono Boost)  
  19  1:45  Probe (Chrono Boost)  
  20  1:55  Probe (Chrono Boost)  
  20  1:57  Pylon  
  21  2:15  Cybernetics Core  
  21  2:25  Gateway  
  21  2:29  Gateway  
  21  2:30  Gateway  
  21  2:38  Assimilator  
  21  2:41  Probe (Chrono Boost)  
  21  2:42  Probe (Chrono Boost)  
  21  2:43  Warp Gate  
  23  2:53  Pylon, Probe (Chrono Boost)  
  24  2:59  Probe (Chrono Boost)  
  24  3:04  Pylon  
  24  3:05  Probe (Chrono Boost)  
  26  3:22  Twilight Council  
  26  3:26  Probe (Chrono Boost)  
  28  3:28  Probe (Chrono Boost)  
  28  3:37  Probe (Chrono Boost)  
  28  3:40  Probe (Chrono Boost)  
  30  3:42  Blink  
  30  3:47  Robotics Facility, Probe (Chrono Boost)  
  31  3:50  Robotics Facility  
  31  4:06  Probe (Chrono Boost)  
  31  4:07  Probe (Chrono Boost)  
  32  4:16  Probe (Chrono Boost)  
  30  4:19  Probe (Chrono Boost)  
  30  4:24  Assimilator  
  30  4:26  Assimilator  
  30  4:27  Pylon, Probe (Chrono Boost)  
  31  4:31  Pylon  
  31  4:34  Probe (Chrono Boost)  
  31  4:37  Probe (Chrono Boost)  
  33  4:55  Stalker  
  33  4:56  Stalker  
  33  4:57  Stalker  
  37  5:30  Stalker x4  
  47  5:35  Probe (Chrono Boost)  
  47  5:37  Probe (Chrono Boost)  
  47  5:47  Observer  
  47  5:49  Probe (Chrono Boost)  
  41  6:53  Stalker x3  
  41  6:54  Stalker  
  49  7:01  Gateway  
  49  7:04  Probe (Chrono Boost)  
  49  7:05  Probe (Chrono Boost)  
  51  7:15  Probe (Chrono Boost)  
  52  7:17  Probe (Chrono Boost)  
  52  7:21  Stalker x2  
  52  7:22  Stalker x2  
  47  8:20  Stalker  
  47  8:21  Stalker x3  
  49  8:29  Immortal x2  
  57  8:50  Nexus  
  57  8:52  Pylon  
  55  8:57  Pylon  
  55  9:00  Pylon  
  53  9:05  Pylon  
  53  9:06  Stalker x3  
  53  9:07  Stalker  
  53  9:08  Assimilator  
  57  9:14  Assimilator  
  57  9:23  Pylon  
  57  9:29  Pylon  
  57  9:34  Templar Archives  
  57  9:36  Robotics Bay  
  55  9:42  Stalker x4  
  58  10:02  Psionic Storm  
  58  10:17  Probe (Chrono Boost)  
  58  10:18  Probe x2 (Chrono Boost)  
  61  10:21  Stalker  
  61  10:22  Stalker x3  
  61  10:27  Probe (Chrono Boost)  
  61  10:28  Gateway x2, Probe (Chrono Boost)  
  71  10:30  Probe (Chrono Boost)  
  72  10:38  Forge, Probe (Chrono Boost)  
  72  10:39  Probe (Chrono Boost)  
  72  10:42  Forge, Probe (Chrono Boost)  
  75  10:48  Probe (Chrono Boost)  
  75  10:49  Probe (Chrono Boost)  
  77  10:55  Probe (Chrono Boost)  
  72  10:59  Probe (Chrono Boost)  
  72  11:00  Probe (Chrono Boost)  
  70  11:05  Stalker x3  
  70  11:07  Probe (Chrono Boost)  
  70  11:08  Sentry  
  70  11:10  Probe x2 (Chrono Boost)  
  81  11:14  Extended Thermal Lance  
  82  11:19  Probe (Chrono Boost)  
  82  11:22  Robotics Facility  
  82  11:39  Stalker x2  
  56  11:48  Stalker  
  56  11:49  Stalker  
  54  11:57  Stalker x2  
  54  11:58  Stalker  
  44  12:10  Colossus  
  43  12:34  Nexus  
  38  12:37  Pylon  
  31  13:21  Stalker x2  
Show
View Real Time Build Order
Export as new Build Order

Jobimaster Protoss - Winner!

Build Orders:  

Get SALT Encoding   

  12  0:03  Probe (Chrono Boost)  
  13  0:16  Pylon  
  13  0:30  Probe (Chrono Boost)  
  14  0:35  Gateway  
  14  0:43  Pylon  
  14  0:52  Assimilator  
  14  0:53  Probe (Chrono Boost)  
  15  1:03  Probe (Chrono Boost)  
  16  1:15  Forge  
  16  1:20  Probe (Chrono Boost)  
  17  1:27  Zealot  
  17  1:31  Probe (Chrono Boost)  
  20  1:41  Probe (Chrono Boost)  
  21  2:07  Cybernetics Core  
  21  2:15  Nexus  
  21  2:24  Zealot  
  21  2:25  Assimilator  
  23  2:35  Photon Cannon  
  23  2:46  Photon Cannon  
  23  2:49  Probe (Chrono Boost)  
  24  2:59  Probe (Chrono Boost)  
  25  3:06  Pylon  
  25  3:10  Probe (Chrono Boost)  
  26  3:15  Stalker  
  28  3:21  Probe (Chrono Boost)  
  29  3:31  Probe (Chrono Boost)  
  30  3:40  Mothership Core (Chrono Boost)  
  32  3:42  Probe (Chrono Boost)  
  32  3:44  Protoss Ground Weapons Level 1  
  33  3:52  Sentry, Probe (Chrono Boost)  
  36  4:19  Zealot  
  36  4:33  Gateway  
  36  4:46  Zealot  
  32  5:35  Zealot x2  
  34  5:39  Protoss Ground Armor Level 1  
  34  5:48  Robotics Facility  
  34  5:50  Stargate  
  34  6:02  Zealot x2  
  36  6:29  Zealot x2  
  32  6:56  Probe (Chrono Boost), Zealot x2  
  32  6:59  Immortal  
  41  7:04  Oracle  
  41  7:07  Probe (Chrono Boost)  
  45  7:15  Photon Cannon  
  45  7:18  Probe (Chrono Boost)  
  46  7:33  Protoss Shields Level 1  
  44  7:39  Immortal  
  31  8:32  Pylon  
  31  8:33  Oracle  
  34  8:44  Pylon  
  34  8:45  Immortal  
  38  9:11  Photon Cannon  
  38  9:21  Zealot x2  
  42  9:25  Immortal  
  46  9:31  Twilight Council  
  46  9:48  Zealot  
  45  10:02  Void Ray  
  45  10:04  Immortal  
  53  10:08  Charge  
  53  10:21  Probe (Chrono Boost)  
  54  10:31  Probe (Chrono Boost)  
  55  10:37  Assimilator  
  55  10:42  Probe (Chrono Boost)  
  56  10:43  Immortal  
  56  10:44  Pylon  
  60  10:52  Probe (Chrono Boost)  
  61  11:02  Void Ray  
  61  11:03  Probe (Chrono Boost)  
  64  11:11  Zealot x2  
  64  11:13  Probe (Chrono Boost)  
  69  11:28  Pylon  
  69  11:37  Immortal  
  69  11:43  Zealot x2  
  69  12:10  Zealot x2  
  73  12:16  Immortal  
  77  12:50  Pylon  
  77  13:06  Pylon  
  77  13:08  Pylon  
Tags
 
Add a new tag
Caveats
  • Supply blocks, unpowered buildings, or Contaminate may cause inaccurate times.
  • Supply counts are checked every 10 seconds.